 Dungeon Crawl Stone Soup version 0.31-a0-1425-g903e00c (webtiles) character file.

Game seed: 14497250781737643344

2420158 blake the Conqueror (level 26, 266/266 HPs)
             Began as a Minotaur Berserker on Dec 26, 2023.
             Was a High Priest of Trog.
             Escaped with the Orb
             ... and 4 runes!
             The game lasted 06:51:06 (64318 turns).

blake the Conqueror (Minotaur Berserker)           Turns: 64318, Time: 06:51:07

Health: 266/266    AC: 40    Str: 42    XL:     26   Next: 3%
Magic:  6/6        EV: 19    Int:  5    God:    Trog [*****.]
Gold:   1010       SH: 33    Dex: 15    Spells: 25/25 levels left

rFire   + + .        X - +9 demon trident (antimagic)
rCold   + + +        S - +8 tower shield
rNeg    . . .        o - +0 gold dragon scales
rPois   +            (helmet unavailable)
rElec   +            A - +2 cloak
rCorr   +            m - +2 pair of gloves {Stlth+}
SInv    +            Y - +3 pair of boots of Faoxef {*Corrode Str+5 SInv}
Will    ++...        L - amulet "Siut" {rElec rC+ Regen+ Dex+4 Stlth+} Stlth
                     E - ring "Pinao" {rF+ rC++ Str+4 Int-3}
HPRegen 1.44/turn    f - ring "Zimmubiv" {*Slow rPois Will+ rCorr Str+2}
MPRegen 0.10/turn

%: corrode self (3%), slow self (1%)
@: studying Maces & Flails
A: horns 3, retaliatory headbutt, clever 1, cold resistance 1, deterioration 1,
low MP 1
0: Orb of Zot
}: 4/15 runes: decaying, silver, abyssal, gossamer
a: Renounce Religion, Berserk, Trog's Hand, Brothers in Arms


You escaped.
You worshipped Trog.
Trog was extremely pleased with you.
You visited 9 branches of the dungeon, and saw 46 of its levels.
You visited the Abyss 1 time.
You visited 2 bazaars.
You visited 1 ziggurat, and saw 2 of its levels.
You also visited: Wizlab.

You collected 6384 gold pieces.
You spent 5374 gold pieces at shops.

Inventory:

Hand Weapons
 u - the +9 double sword "Jellybane" {speed, *Corrode rF+ Will+ Str+5}
   (You subdued it on level 3 of the Realm of Zot)

   Str+5:     It affects your strength (+5).
   rF+:       It protects you from fire.
   Will+:     It increases your willpower.
   *Corrode:  It may corrode you when you take damage.
 X - a +9 antimagic demon trident (weapon)
Armour
 h - the +4 scale mail of Huleun {rElec rF++ Int+3 Dex-2}
   (You bought it in a shop on level 1 of the Vaults)

   Int+3:     It affects your intelligence (+3).
   Dex-2:     It affects your dexterity (-2).
   rF++:      It greatly protects you from fire.
   rElec:     It insulates you from electricity.
 l - the +2 pair of boots "Unupt" {-Cast rF+++ rC- rN++}
   (You bought it in a shop in a bazaar)

   rF+++:     It renders you almost immune to fire.
   rC-:       It makes you vulnerable to cold.
   rN++:      It greatly protects you from negative energy.
   -Cast:     It prevents spellcasting.
 m - a +2 pair of gloves of stealth (worn)
 o - +0 gold dragon scales (worn)
 y - a +3 leather armour of cold resistance
 A - a +2 cloak (worn)
 B - a +1 cloak of poison resistance
 D - the +2 pair of slick slippers {slick, slippery, EV+4}
   (You found it on level 1 of the Vaults)

   Slick:     Its wearer cannot be constricted, engulfed, netted or webbed.
   Slippery:  Its wearer slips away from damaging melee attacks, pulling the
   attacker onward.
   EV+4:      It affects your evasion (+4).
 I - the +1 plate armour "Vere" {^Contam *Corrode rElec rN+++}
   (You found it on level 5 of the Vaults)

   rElec:     It insulates you from electricity.
   rN+++:     It renders you almost immune to negative energy.
   ^Contam:   It causes magical contamination when unequipped.
   *Corrode:  It may corrode you when you take damage.
 O - the +3 pair of mountain boots {steadfast, rC+}
   (You found it on level 13 of the Dungeon)

   Steadfast: It prevents involuntary movement, except for blinking,
   teleportation, or banishment.
   rC+:       It protects you from cold.
 S - a +8 tower shield (worn)
 Y - the +3 pair of boots of Faoxef (worn) {*Corrode Str+5 SInv}
   (You bought it in a shop on level 2 of the Orcish Mines)

   Str+5:     It affects your strength (+5).
   SInv:      It lets you see invisible.
   *Corrode:  It may corrode you when you take damage.
Jewellery
 f - the ring "Zimmubiv" (right hand) {*Slow rPois Will+ rCorr Str+2}
   (You found it on level 3 of the Vaults)

   [ring of willpower]

   Str+2:     It affects your strength (+2).
   rPois:     It protects you from poison Will+: It increases your willpower.
   rCorr:     It protects you from acid and corrosion.
   *Slow:     It may slow you when you take damage.
 j - the amulet "Edyptus" {Regen+ rCorr Str+4 Dex-4 SInv}
   (You found it on level 2 of the Depths)

   [amulet of regeneration]

   Str+4:     It affects your strength (+4).
   Dex-4:     It affects your dexterity (-4).
   SInv:      It lets you see invisible.
   Regen+:    It increases your rate of health regeneration.
   rCorr:     It protects you from acid and corrosion.
 x - the amulet of Mysos {RegenMP rPois rN+ Str+3 Slay+3}
   (You found it on level 2 of the Depths)

   [amulet of magic regeneration]

   RegenMP:   It increases your rate of magic regeneration.
   Str+3:     It affects your strength (+3).
   Slay+3:    It affects your accuracy & damage with ranged weapons and melee
   (+3).
   rPois:     It protects you from poison rN+: It protects you from negative
   energy.
 E - the ring "Pinao" (left hand) {rF+ rC++ Str+4 Int-3}
   (You found it on level 5 of the Vaults)

   [ring of protection from fire]

   Str+4:     It affects your strength (+4).
   Int-3:     It affects your intelligence (-3).
   rF+:       It protects you from fire.
   rC++:      It greatly protects you from cold.
 G - the ring of the Glimmering Hero {Ice *Corrode Will++ Stlth+}
   (You took it off Josephina on level 3 of the Depths)

   [ring of ice]

   Ice:       It enhances your ice magic.
   rF-:       It makes you vulnerable to fire.
   rC+:       It protects you from cold.
   Will++:    It greatly increases your willpower.
   *Corrode:  It may corrode you when you take damage.
   Stlth+:    It makes you more stealthy.
 L - the amulet "Siut" (around neck) {rElec rC+ Regen+ Dex+4 Stlth+}
   (You found it on level 4 of the Vaults)

   [amulet of regeneration]

   Dex+4:     It affects your dexterity (+4).
   rC+:       It protects you from cold.
   rElec:     It insulates you from electricity.
   Regen+:    It increases your rate of health regeneration.
   Stlth+:    It makes you more stealthy.
 Q - a ring of flight
 T - the amulet "Symocw" {Acrobat *Slow Str+2 Dex+2}
   (You took it off a vault warden on level 5 of the Vaults)

   [amulet of the acrobat]

   Acrobat:   It increases your evasion while moving and waiting.
   Str+2:     It affects your strength (+2).
   Dex+2:     It affects your dexterity (+2).
   *Slow:     It may slow you when you take damage.
Wands
 J - a wand of digging (10)
 N - a wand of paralysis (6)
 Z - a wand of iceblast (51)
Scrolls
 a - a scroll of torment
 e - 10 scrolls of poison
 i - 3 scrolls of fear
 n - 2 scrolls of revelation
 K - 7 scrolls of immolation
 M - 23 scrolls of identify
 P - 3 scrolls of fog
 U - a scroll of brand weapon
 W - 3 scrolls of teleportation
Potions
 b - 2 potions of berserk rage
 d - 2 potions of resistance
 g - 3 potions of attraction
 k - 3 potions of might
 q - a potion of cancellation
 r - 5 potions of invisibility
 s - 6 potions of heal wounds
 t - 16 potions of curing
 w - 7 potions of ambrosia
 z - 9 potions of lignification
 C - 6 potions of mutation
 H - a potion of haste
 R - 7 potions of magic
 V - 4 potions of enlightenment
Miscellaneous
 c - a condenser vane
 v - a phantom mirror (inert)


   Skills:
 O Level 27 Fighting
 - Level 9.0 Long Blades
 - Level 14.0 Polearms
 - Level 5.2 Throwing
 O Level 27 Armour
 + Level 21.8 Dodging
 + Level 12.4 Stealth
 O Level 27 Shields
 + Level 2.2 Unarmed Combat
 + Level 3.4 Evocations


You had 25 spell levels left.
You didn't know any spells.
Your spell library was empty.

Dungeon Overview and Level Annotations

Branches:
Dungeon (15/15)            Temple (0/1) D:6            Lair (5/5) D:8
  Swamp (4/4) Lair:2       Spider (4/4) Lair:2        Slime (0/5) Lair:5
    Orc (2/2) D:11            Elf (2/3) Orc:2        Vaults (5/5) D:13
  Crypt (0/3) Vaults:3     Depths (4/4) D:15            Zot (5/5) Depths:4
 WizLab (visited)

Altars:
Dithmenos
Elyvilon
Fedhas
Gozag
Hepliaklqana
Kikubaaqudgha
Nemelex Xobeh
Okawaru
Qazlal
Ru
Sif Muna
Vehumet
Xom
The Shining One
Jiyva

Shops:
D:4 :   D:7 ?![:   D:10 ?   D:14 (*   D:15 [   Orc:2 (?:[   Vaults:1 [
Vaults:2 (   Vaults:4 *(   Vaults:5 !!!???   Depths:4 *

Portals:
Hell: Depths:1 Depths:3 Depths:4
Abyss: Depths:3
Pandemonium: Depths:3

Annotations:
D:14 3 runed translucent doors, Veevvyat's ghost, journeyman MfGl
Lair:3 2 transporters, samfromsteam's ghost, journeyman MiFi
Spider:1 Roxanne
Zot:3 3 runed translucent doors, Egutz's ghost, master TrFi


Innate Abilities, Weirdness & Mutations

You have a pair of large horns on your head.
You reflexively headbutt those who attack you in melee.
Your mind is acute. (Int +4, Str/Dex -1)
Your flesh is cold resistant. (rC+)
Your body sometimes deteriorates upon taking damage.
Your magical capacity is low. (-10% MP)


Message History

There is an open door here.
There is a stone staircase leading up here.
You climb upwards.
There is a stone staircase leading down here.
There is a stone staircase leading up here.
You climb upwards.
There is a stone staircase leading down here.
There is a stone staircase leading up, spattered with blood here.
You climb upwards.
There is a stone staircase leading down here.
Natasha, Servant of Life and Death comes into view.
Natasha hisses angrily.
No target in view!
What level of the Dungeon? (default 1, ? - help)
A giant cockroach comes into view.
You block Natasha's attack.
You puncture Natasha!
Natasha's magic leaks into the air.
You headbutt Natasha.
You kill Natasha!
Trog accepts your kill.
Trog appreciates your killing of a magic user.
You block the giant cockroach's attack.
You impale the giant cockroach!!
You kill the giant cockroach!
Trog accepts your kill.
No target in view!
What level of the Dungeon? (default 1, ? - help)
There is an open door here.
You see here a book of Battle.
There is a stone staircase leading up here.
You climb upwards.
There is a stone staircase leading down here.
What level of the Dungeon? (default 1, ? - help) You're already here!
There is an open door here.
An Orb Guardian comes into view.
The Orb Guardian moves out of view.
An Orb Guardian is nearby!
An Orb Guardian is nearby!
There is a staircase leading out of the dungeon here.
You have escaped!

#.#...#.......#.#.#.##.# #....
#.###.#.....###.#.#.##.###....
#.###.#.##### #.#.#.##........
####.....#.#8.8###.#.#......###'#
.....#####......##.#.#........#.#
##...# #......##X#.##.#.....#.#
#...# #...8X.##[#.##.#.#...#.#
#...# #......8#.#.##.#.....#+#
##...#####......@#.#.............
.'...'...#......8#.####..........
##...###.....8..##.########).....
##...# #.#......##........'......
.#...# #.#......###########......
(#...###.#.#8.8## #######
.........#.#####
..#'######..################
......# #.......).........#


You could see an Orb Guardian.

Vanquished Creatures
  Frederick (Vaults:4)
  3 dread liches
  5 ancient liches
  5 orbs of fire (Zot:5)
  Mara (Swamp:4)
  Josephina (Depths:3)
  Bai Suzhen (Spider:4)
  4 Killer Klowns
  Saint Roka (Vaults:3)
  2 curse toes
  5 golden dragons
  2 bone dragons (Abyss:3)
  Jory (Vaults:4)
  Arachne (Spider:4)
  7 electric golems
  18 tentacled monstrosities
  27 Orb Guardians
  Jorgrun (Spider:1)
  2 liches
  A shard shrike skeleton (Abyss:3)
  6 quicksilver dragons
  2 deep elf blademasters
  A walking divine tome (Zot:3)
  Asterion (Spider:1)
  A walking frostbound tome (Zot:3)
  6 sphinxes
  5 titans
  4 tentacled starspawn (Abyss:3)
  10 death cobs
  Frances (Spider:1)
  6 tengu reavers
  2 Executioners
  4 thorn hunters
  8 shadow dragons
  14 storm dragons
  12 draconian monks
  Donald (Spider:3)
  A fenstrider witch (Swamp:3)
  A fire giant (shapeshifter) (Depths:3)
  16 vault wardens
  5 deep elf sorcerers
  7 draconian knights
  2 narguns (Zot:3)
  2 protean progenitors (Zot:4)
  11 fire giants
  9 frost giants
  14 draconian shifters
  3 iron dragons (Depths:3)
  5 ghost moths
  5 draconian scorchers
  2 balrugs
  3 deep elf elementalists (Depths:3)
  7 emperor scorpions
  A ghost moth (shapeshifter) (Depths:3)
  3 orc warlords
  4 draconian stormcallers
  14 ironbound preservers
  A ghoul (Swamp:3)
  7 draconian annihilators
  An angel (D:12)
  2 spriggan defenders (Depths:1)
  22 very ugly things
  A formless jellyfish (Vaults:1)
  2 ophanim (Abyss:3)
  A caustic shrike skeleton (Depths:2)
  A juggernaut skeleton (Depths:2)
  11 stone giants
  3 deep elf demonologists
  6 ironbound thunderhulks
  5 deep elf death magi
  2 lorocyprocas (D:9)
  A vampire knight (Depths:1)
  9 green draconians
  9 red draconians
  2 eleionomae (Swamp:1)
  13 black draconians
  13 white draconians
  5 bunyips
  7 dire elephants
  5 war gargoyles (Depths:3)
  15 spark wasps
  5 deep elf annihilators
  9 purple draconians
  A blizzard demon (D:7)
  14 yellow draconians
  A crystal guardian (Depths:3)
  A merfolk impaler (Depths:1)
  A green death (Zot:1)
  7 ettins
  An entropy weaver (Vaults:4)
  A merfolk javelineer (Depths:1)
  8 yaktaur captains
  A quicksilver dragon zombie (Depths:2)
  2 fire dragons (Depths:1)
  4 deep elf high priests
  A quicksilver dragon skeleton (Depths:2)
  A shambling mangrove (Swamp:3)
  18 hydras
  31 vault guards
  2 juggernaut simulacra (Depths:3)
  3 jorogumos (Spider:3)
  A spriggan air mage (Depths:3)
  10 great orbs of eyes
  9 ghost crabs (Swamp:3)
  4 rakshasas
  6 ogre magi
  A spectral sphinx (Depths:2)
  4 ice dragons
  A catoblepas (shapeshifter) (Depths:3)
  2 caustic shrike simulacra (Depths:3)
  16 centaur warriors
  4 radroaches
  9 ironbound frosthearts
  2 catoblepae
  12 dancing weapons
  22 two-headed ogres
  12 alligators
  7 boulder beetles
  A death knight (D:9)
  A spectral fire giant (Depths:2)
  A sphinx skeleton (Depths:2)
  6 demonic crawlers
  5 tengu warriors (Depths:1)
  2 deep troll shamans
  A two-headed ogre (shapeshifter) (Elf:1)
  9 death yaks
  An orc high priest (Vaults:3)
  15 deep troll earth magi
  A shock serpent (shapeshifter) (Depths:4)
  2 spriggan berserkers
  7 hell knights (Depths:4)
  An occultist (D:15)
  6 vampire magi
  9 deep elf knights (Elf:2)
  Amaemon (Lair:2)
  A sun demon (D:10)
  A wretched star (Abyss:3)
  6 pharaoh ants
  A skyshark (shapeshifter) (Elf:1)
  4 iron trolls
  2 fire crabs (Abyss:3)
  2 skysharks
  10 goliath frogs
  2 storm dragon skeletons (Depths:2)
  A shadow demon (D:5)
  2 quicksilver dragon simulacra (Depths:2)
  2 cherubim (Abyss:3)
  2 orange crystal statues (Zig:2)
  6 bog bodies
  10 swamp dragons
  27 deep trolls
  2 flayed ghosts
  2 sun moths
  3 glowing orange brains (shapeshifter) (Vaults:5)
  2 glowing orange brains
  Lodul (D:13)
  10 arcanists
  5 spriggan druids
  11 orc knights
  An orb spider (shapeshifter) (Vaults:5)
  A spectral iron dragon (Depths:2)
  6 tengu zombies (Depths:2)
  13 deep elf archers
  11 orb spiders
  2 steelbarb worms (shapeshifter)
  4 harpies (Vaults:1)
  11 ironbound convokers
  8 steelbarb worms
  17 lindwurms
  3 phantasmal warriors (Vaults:5)
  9 necromancers
  A harpy (shapeshifter) (Depths:3)
  22 deep elf pyromancers
  13 deep elf zephyrmancers
  Pikel (D:4)
  17 wolf spiders
  A spectral spriggan (Depths:2)
  34 ugly things
  4 orc sorcerers
  2 manticores (shapeshifter)
  A shining eye (Abyss:3)
  6 will-o-the-wisps
  Maurice (D:7)
  10 meliai
  A tengu skeleton (Depths:2)
  32 moths of wrath
  5 cyclopes
  6 elephants (Lair:3)
  3 black mambas
  15 vault sentinels
  A black mamba (shapeshifter) (Elf:1)
  A toenail golem (Depths:4)
  A guardian serpent (shapeshifter) (Elf:1)
  2 ice statues (Zig:2)
  A kobold blastminer (Orc:1)
  7 torpor snails
  A meliai (shapeshifter) (Elf:1)
  An orange demon (Lair:2)
  3 smoke demons
  6 large abominations
  4 centaur zombies (D:15)
  A gargoyle (D:10)
  9 cane toads
  A hellion (D:10)
  2 unseen horrors
  3 kobold demonologists
  8 yaktaurs
  Jeremiah (D:8)
  An efreet (D:12)
  A golden dragon simulacrum (Depths:2)
  3 rime drakes
  A freezing wraith (Vaults:5)
  11 komodo dragons
  2 tormentors (Depths:2)
  3 tengu conjurers
  2 ancient zymes (Abyss:3)
  A troll (shapeshifter) (Elf:1)
  3 red devils (D:8)
  3 trolls
  3 bloated husks
  4 hellwings (D:9)
  3 polar bears
  16 hornets
  16 tyrant leeches
  4 dream sheep (Lair:4)
  6 raiju (Abyss:3)
  A wind drake (Elf:1)
  A glass eye (Depths:1)
  16 tarantellas
  18 blink frogs
  Grinder (D:4)
  A fire giant simulacrum (Depths:2)
  An iron dragon simulacrum (Depths:2)
  2 frost giant simulacra (Depths:3)
  2 centaur simulacra (D:15)
  28 culicivoras
  4 ynoxinuls (Abyss:3)
  20 jumping spiders
  2 jumping spiders (shapeshifter)
  5 water elementals (Depths:1)
  5 shadows
  Eustachio (D:4)
  5 small abominations (Abyss:3)
  4 wyverns
  35 slime creatures
  4 vampires
  3 spriggans
  5 wraiths
  8 air elementals
  16 humans (D:13)
  7 basilisks
  A hog (shapeshifter) (Elf:1)
  3 fire bats (Lair:5)
  2 fire elementals
  28 yaks
  8 golden eyes
  2 basilisks (shapeshifter)
  9 vampire mosquitoes
  62 redbacks
  4 wargs
  Grum (D:8)
  A neqoxec (Abyss:3)
  A steam dragon (Lair:2)
  A chaos spawn (Abyss:3)
  14 swamp worms
  A swamp worm (shapeshifter) (Depths:4)
  An acid dragon (D:12)
  A glowing shapeshifter zombie (Depths:2)
  15 water moccasins
  17 orc warriors
  Duvessa (D:7)
  7 swamp drakes (Swamp:4)
  An ice beast (D:8)
  2 black bears
  45 ogres
  A sky beast (D:6)
  11 boggarts
  4 laughing skulls (Abyss:3)
  17 wolves
  17 centaurs
  2 phantoms
  A weeping skull (Abyss:3)
  A kobold brigand (D:8)
  18 bullfrogs
  A brain worm (Abyss:3)
  A bullfrog (shapeshifter) (Elf:1)
  4 earth elementals
  2 scorpions
  4 gnoll sergeants
  3 wights (D:8)
  A hornet simulacrum (D:14)
  Dowan (D:7)
  18 killer bees
  10 howler monkeys
  4 electric eels
  4 jellies (Lair:5)
  2 lava snakes
  2 bombardier beetles
  A hound (D:5)
  A quasit (Abyss:3)
  Crazy Yiuf (D:4)
  A sleepcap (D:6)
  15 orc priests
  An iron imp (Abyss:3)
  14 starcursed masses (Abyss:3)
  Jessica (D:2)
  3 iguanas (D:5)
  Natasha (thrice) (D:2)
  23 orc wizards
  26 gnolls
  8 adders
  A white imp (D:4)
  3 ufetubi
  2 worms (D:3)
  2 dart slugs (D:1)
  65 orcs
  6 bats
  7 endoplasms
  4 giant cockroaches
  10 hobgoblins
  3 jackals (D:1)
  10 kobolds
  3 quokkas (D:1)
  12 ball pythons
  A frilled lizard (D:2)
  8 goblins
  8 rats
  16 butterflies (Zot:5)
  A starspawn tentacle (Abyss:3)
2059 creatures vanquished.

Vanquished Creatures (collateral kills)
  2 juggernauts
  A lich (Abyss:3)
  Mlioglotl (Swamp:4)
  A walking divine tome (Zot:3)
  A storm dragon (Depths:4)
  A nargun (Zot:3)
  An emperor scorpion (Spider:4)
  An eleionoma (Swamp:4)
  4 very ugly things
  An angel (Abyss:3)
  A vampire knight (Depths:4)
  A purple draconian (Zot:2)
  A yellow draconian (Zot:3)
  A dire elephant (Vaults:1)
  A spark wasp (Depths:2)
  A red draconian (Zot:3)
  2 white draconians
  An ettin (Abyss:3)
  A fire dragon (Depths:4)
  8 vault guards (Vaults:5)
  A spriggan air mage (WizLab)
  A hydra (Swamp:4)
  A catoblepas (Abyss:3)
  2 dancing weapons
  A deep troll earth mage (Depths:4)
  A deep troll shaman (Depths:1)
  A wretched star (Abyss:3)
  A deep troll (Depths:4)
  A necromancer (Vaults:5)
  3 swamp dragons
  2 ugly things
  3 moths of wrath
  A vault sentinel (Vaults:1)
  A titan simulacrum (Abyss:3)
  4 large abominations (Abyss:3)
  A freezing wraith (Vaults:5)
  A yaktaur (Vaults:1)
  An ancient zyme (Abyss:3)
  3 starcursed masses (Abyss:3)
  2 raiju (Abyss:3)
  2 culicivoras (Spider:4)
  3 air elementals (WizLab)
  A slime creature (Vaults:1)
  A neqoxec (Abyss:3)
  2 orc warriors (Orc:2)
  2 ogres (Orc:2)
  An orc (Orc:2)
76 creatures vanquished.

Vanquished Creatures (others)
  2 ghost moths
  A deep elf elementalist (Depths:3)
  An emperor scorpion (Spider:4)
  2 deep elf knights
  A swamp dragon (Swamp:3)
  2 spriggan druids
  A will-o-the-wisp (Swamp:3)
  4 bloated husks
  2 redbacks (Spider:4)
  An orc warrior (Vaults:5)
  A swamp drake (Swamp:4)
  22 foxfires
  10 starspawn tentacles (Abyss:3)
50 creatures vanquished.

Grand Total: 2185 creatures vanquished

Notes
Turn   | Place    | Note
-------+----------+-------------------------------------------
     0 | D:1      | blake the Minotaur Berserker began the quest for the Orb.
     0 | D:1      | Reached XP level 1. HP: 19/19 MP: 0/0
    85 | D:1      | Reached XP level 2. HP: 27/27 MP: 1/1
   462 | D:1      | Reached XP level 3. HP: 28/33 MP: 2/2
   821 | D:1      | Reached ** piety under Trog
  1332 | D:2      | Noticed Natasha
  1339 | D:2      | Killed Natasha
  1340 | D:2      | Reached XP level 4. HP: 38/41 MP: 3/3
  1355 | D:2      | Found a shadowy altar of Dithmenos.
  1464 | D:2      | Noticed Jessica
  1473 | D:2      | Killed Jessica
  1549 | D:2      | Noticed Natasha
  1560 | D:2      | Killed Natasha
  1561 | D:2      | Reached skill level 5 in Polearms
  1671 | D:2      | Reached skill level 1 in Stealth
  1671 | D:2      | Reached XP level 5. HP: 47/47 MP: 4/4
  1769 | D:2      | Reached *** piety under Trog
  2335 | D:3      | Found a faded altar of an unknown god.
  2423 | D:4      | Noticed Pikel
  2423 | D:4      | Noticed a lemure
  2423 | D:4      | Noticed a lemure
  2423 | D:4      | Noticed a lemure
  2455 | D:4      | Noticed Eustachio
  2465 | D:3      | Reached skill level 5 in Fighting
  2465 | D:3      | Reached skill level 1 in Shields
  2465 | D:3      | Reached XP level 6. HP: 48/56 MP: 5/5
  2597 | D:4      | Killed Eustachio
  2666 | D:4      | Reached XP level 7. HP: 57/61 MP: 6/6
  2734 | D:4      | You fall into a shaft and drop 2 floors!
  2771 | D:6      | Found a staircase to the Ecumenical Temple.
  3607 | D:6      | Reached **** piety under Trog
  3641 | D:6      | Reached skill level 5 in Armour
  3650 | D:5      | Entered Level 5 of the Dungeon
  3797 | D:6      | Reached XP level 8. HP: 39/70 MP: 7/7
  3843 | D:4      | Found Tuifoyheb's Vocational Training.
  3854 | D:4      | Killed Pikel
  3855 | D:4      | Reached skill level 5 in Dodging
  4025 | D:4      | Noticed Grinder
  4032 | D:4      | Killed Grinder
  4129 | D:4      | Found a runed translucent door.
  4130 | D:4      | Noticed Crazy Yiuf
  4138 | D:4      | Killed Crazy Yiuf
  4312 | D:5      | Found a sacrificial altar of Ru.
  4403 | D:5      | Reached XP level 9. HP: 66/78 MP: 8/8
  4543 | D:5      | Found a radiant altar of Vehumet.
  4613 | D:5      | Found a glowing golden altar of the Shining One.
  5057 | D:7      | Found Qyleog's Magic Scroll Boutique.
  5058 | D:7      | Noticed Maurice
  5078 | D:7      | Killed Maurice
  5079 | D:7      | Reached skill level 10 in Polearms
  5190 | D:7      | Bought a scroll of noise for 15 gold pieces
  5190 | D:7      | Bought a scroll of summoning for 142 gold pieces
  5190 | D:7      | Bought a scroll of identify for 30 gold pieces
  5190 | D:7      | Bought a scroll of vulnerability for 60 gold pieces
  5308 | D:7      | Found Ravvoin's Book Boutique.
  5314 | D:7      | Found Yred's Antique Armour Shop.
  5351 | D:7      | Found Mipos's Distillery.
  5381 | D:7      | Reached skill level 1 in Unarmed Combat
  5415 | D:7      | Found a sparkling altar of Nemelex Xobeh.
  5895 | D:7      | Bought a potion of heal wounds for 80 gold pieces
  5956 | D:7      | Noticed Duvessa
  5956 | D:7      | Noticed Dowan
  5966 | D:7      | Killed Duvessa
  5975 | D:7      | Killed Dowan
  6035 | D:8      | Reached skill level 5 in Shields
  6061 | D:8      | Noticed a red devil
  6101 | D:8      | Killed a red devil
  6108 | D:8      | Noticed a red devil
  6110 | D:8      | Reached XP level 10. HP: 77/88 MP: 9/9
  6600 | D:8      | Noticed Jeremiah
  6603 | D:8      | Found a staircase to the Lair.
  6628 | D:8      | Killed Jeremiah
  6818 | D:8      | Noticed Grum
  6829 | D:8      | Killed Grum
  7599 | D:9      | Found a white marble altar of Elyvilon.
  7745 | D:9      | Noticed a death knight
  7801 | Lair:1   | Entered Level 1 of the Lair of Beasts
  7903 | Lair:1   | Noticed a cane toad
  7910 | Lair:1   | Killed a cane toad
  7911 | Lair:1   | Reached XP level 11. HP: 99/99 MP: 10/10
  7930 | Lair:1   | Reached skill level 10 in Fighting
  8383 | Lair:1   | You fall into a shaft and drop 1 floor!
  8383 | Lair:2   | Noticed Amaemon
  8390 | Lair:2   | Killed Amaemon
  8408 | Lair:2   | Found a hole to the Spider Nest.
  8600 | Lair:2   | Noticed a catoblepas
  9257 | Lair:2   | Reached XP level 12. HP: 112/112 MP: 11/11
  9403 | Lair:2   | Reached ***** piety under Trog
  9404 | Lair:2   | Reached skill level 1 in Throwing
  9570 | Lair:2   | Identified the +1 ring mail of Fuguicy {rN+}
 10030 | Lair:2   | Killed a catoblepas
 10042 | Lair:2   | Reached skill level 10 in Dodging
 10147 | Lair:2   | Found a staircase to the Swamp.
 10581 | Lair:3   | Found a transporter.
 10585 | Lair:3   | Found a transporter.
 10585 | Lair:3   | Noticed samfromsteam's ghost (journeyman MiFi)
 10640 | Lair:3   | Identified the +3 falchion of the Endless Wonders {holy,
                  | rC+}
 10685 | Lair:3   | Noticed a boulder beetle
 10691 | Lair:3   | Killed a boulder beetle
 11149 | Lair:3   | Reached skill level 10 in Shields
 11149 | Lair:3   | Reached XP level 13. HP: 57/123 MP: 12/12
 11436 | Lair:3   | Reached skill level 10 in Armour
 12723 | Lair:5   | Entered Level 5 of the Lair of Beasts
 13192 | Lair:5   | Reached skill level 15 in Fighting
 13823 | Lair:5   | Found a staircase to the Slime Pits.
 13900 | Lair:5   | Found a stormy altar of Qazlal.
 14130 | Lair:5   | Received a gift from Trog
 14418 | Lair:5   | Paralysed by a hornet for 1 turns
 14423 | Lair:5   | Paralysed by a hornet for 2 turns
 14709 | Lair:5   | Reached XP level 14. HP: 135/135 MP: 13/13
 15008 | D:9      | Reached skill level 5 in Throwing
 15147 | D:9      | Found a stormy altar of Qazlal.
 15147 | D:9      | Found an opulent altar of Gozag.
 15224 | D:10     | Entered Level 10 of the Dungeon
 15333 | D:10     | Found a blossoming altar of Fedhas.
 15456 | D:10     | Identified the +6 dagger of Foul Odours {flame, rElec rF+
                  | Int+3}
 15616 | D:10     | Found a shimmering altar of Xom.
 15830 | D:10     | Found a hazy altar of Hepliaklqana.
 15844 | D:10     | Found Uteickeg's Magic Scroll Emporium.
 15851 | D:10     | Bought a scroll of blinking for 75 gold pieces
 15851 | D:10     | Bought a scroll of identify for 20 gold pieces
 15851 | D:10     | Bought a scroll of enchant armour for 75 gold pieces
 16305 | D:11     | Found a staircase to the Orcish Mines.
 16409 | D:11     | Found a flickering gateway to a bazaar.
 16422 | Bazaar   | Entered a bazaar
 16422 | Bazaar   | Found Efyegoney's Armour Emporium.
 16422 | Bazaar   | Found Aqoo's Magic Scroll Shoppe.
 16422 | Bazaar   | Found Raxin's Magic Scroll Shoppe.
 16422 | Bazaar   | Found Lothauqiseo's Jewellery Emporium.
 16440 | Bazaar   | Bought 2 scrolls of enchant weapon for 195 gold pieces
 16444 | Bazaar   | Bought a scroll of blinking for 82 gold pieces
 16444 | Bazaar   | Bought a scroll of blinking for 82 gold pieces
 16446 | Bazaar   | Bought a +2 pair of gloves of stealth for 322 gold pieces
 16503 | D:11     | Reached skill level 1 in Long Blades
 16826 | Orc:1    | Entered Level 1 of the Orcish Mines
 16871 | Orc:1    | Reached ****** piety under Trog
 17137 | Orc:1    | Found a shimmering blue altar of Sif Muna.
 17300 | Orc:2    | Entered Level 2 of the Orcish Mines
 17316 | Orc:2    | Received a gift from Trog
 17547 | Orc:2    | Noticed an orc warlord
 17563 | Orc:2    | Killed an orc warlord
 17677 | Orc:2    | Paralysed by an ogre mage for 4 turns
 17765 | Orc:2    | Received a gift from Trog
 17783 | Orc:2    | Found Exol Wat's Antique Weapon Shop.
 17788 | Orc:2    | Found Debra's Book Shoppe.
 17789 | Orc:2    | Found Xugg's Armour Boutique.
 17789 | Orc:2    | Found Offutsem's Magic Scroll Shoppe.
 17802 | Orc:2    | Found a staircase to the Elven Halls.
 18180 | Orc:2    | Reached skill level 5 in Long Blades
 18390 | Orc:2    | Bought a +0 tower shield for 63 gold pieces
 18390 | Orc:2    | Bought the +3 pair of boots of Faoxef {*Corrode Str+5 SInv}
                  | for 498 gold pieces
 18594 | Swamp:1  | Entered Level 1 of the Swamp
 18743 | Swamp:1  | Reached XP level 15. HP: 145/145 MP: 14/14
 18979 | Swamp:1  | Noticed a tentacled monstrosity
 18994 | Swamp:1  | Killed a tentacled monstrosity
 19554 | Swamp:2  | Identified the +0 scale mail of Xoenkife {rPois}
 20104 | Swamp:2  | Reached skill level 15 in Shields
 21105 | Swamp:3  | Noticed a fenstrider witch
 21105 | Swamp:3  | Paralysed by a fenstrider witch for 3 turns
 21116 | Swamp:3  | Killed a fenstrider witch
 21260 | Swamp:3  | Noticed a thorn hunter
 21296 | Swamp:3  | Killed a thorn hunter
 21472 | Swamp:3  | Noticed a thorn hunter
 21501 | Swamp:3  | Killed a thorn hunter
 22155 | Swamp:3  | Identified the +2 scale mail "Wato" {^Drain Int+5 Dex+5}
 22443 | Swamp:3  | Received a gift from Trog
 22610 | Swamp:4  | Entered Level 4 of the Swamp
 22738 | Swamp:4  | Reached XP level 16. HP: 148/155 MP: 15/15
 23059 | Swamp:4  | Noticed a thorn hunter
 23059 | Swamp:4  | Noticed a thorn hunter
 23070 | Swamp:4  | Killed a thorn hunter
 23079 | Swamp:4  | Killed a thorn hunter
 23088 | Swamp:4  | Noticed Mara
 23096 | Swamp:4  | Noticed blake's illusion
 23568 | Swamp:4  | Noticed blake's illusion
 23670 | Swamp:4  | Noticed Mlioglotl
 23846 | Swamp:4  | Killed Mlioglotl
 23879 | Swamp:4  | Noticed blake's illusion
 24173 | Swamp:4  | Got a decaying rune of Zot
 24385 | Swamp:4  | Noticed blake's illusion
 24402 | Swamp:4  | Killed Mara
 24403 | Swamp:4  | Reached skill level 15 in Armour
 25083 | D:12     | Paralysed by a deep elf zephyrmancer for 5 turns
 25501 | D:12     | Received a gift from Trog
 26229 | D:13     | Found the +3 pair of mountain boots {steadfast, rC+}
 26293 | D:13     | Found a gate to the Vaults.
 26659 | D:13     | Noticed Lodul
 26670 | D:13     | Killed Lodul
 26967 | D:13     | Reached XP level 17. HP: 166/166 MP: 5/16
 27304 | D:13     | Found a shadowy altar of Dithmenos.
 28064 | Swamp:3  | Identified the +7 rapier "Nycech" {freeze, rF- rN+ Str+3}
 28303 | Spider:1 | Entered Level 1 of the Spider Nest
 28455 | Spider:1 | Noticed Asterion
 28476 | Spider:1 | Killed Asterion
 28657 | Spider:1 | Identified the +3 bardiche of the Maze {flame, Will+ Dex+2}
                  | (Trog gifted it to you on level 1 of the Spider Nest)
 28657 | Spider:1 | Received a gift from Trog
 28920 | Spider:1 | Noticed Roxanne
 29335 | Spider:1 | Noticed Frances
 29354 | Spider:1 | Killed Frances
 29594 | Spider:1 | Noticed Jorgrun
 29611 | Spider:1 | Killed Jorgrun
 30032 | Spider:2 | Received a gift from Trog
 30375 | Spider:2 | You fall into a shaft and drop 1 floor!
 31962 | Spider:3 | Received a gift from Trog
 32829 | Spider:3 | Noticed Donald
 32850 | Spider:3 | Killed Donald
 33182 | Spider:4 | Entered Level 4 of the Spider Nest
 33435 | Spider:4 | Reached XP level 18. HP: 106/180 MP: 5/17
 33967 | Spider:4 | Noticed Arachne
 34182 | Spider:4 | Noticed Bai Suzhen
 34200 | Spider:4 | Killed Bai Suzhen
 34422 | Spider:4 | Killed Arachne
 34987 | Spider:4 | Received a gift from Trog
 35435 | Spider:4 | Identified the +1 pair of boots "Warr" {Dex+4}
 35438 | Spider:4 | Got a gossamer rune of Zot
 35747 | Elf:1    | Entered Level 1 of the Elven Halls
 36252 | Elf:1    | Found a magical portal.
 36262 | WizLab   | Entered The Chambers of the Cloud Mage
 36268 | WizLab   | Paralysed by an air elemental for 1 turns
 36272 | WizLab   | Paralysed by an air elemental for 1 turns
 36277 | WizLab   | Paralysed by an air elemental for 1 turns
 36280 | WizLab   | Paralysed by an air elemental for 1 turns
 36283 | WizLab   | Paralysed by an air elemental for 1 turns
 36286 | Elf:1    | Paralysed by an air elemental for 1 turns
 36291 | Elf:1    | Paralysed by an air elemental for 1 turns
 36295 | Elf:1    | Paralysed by an air elemental for 1 turns
 36299 | Elf:1    | Paralysed by an air elemental for 1 turns
 36422 | Elf:1    | Paralysed by an air elemental for 1 turns
 36681 | Elf:1    | Received a gift from Trog
 37772 | Elf:2    | Reached skill level 1 in Evocations
 37937 | Abyss:3  | Cast into level 3 of the Abyss (a deep elf sorcerer)
 38044 | Abyss:3  | Received a gift from Trog
 38157 | Abyss:3  | Noticed a lich
 38258 | Abyss:3  | Paralysed by accursed screaming for 1 turns
 38265 | Abyss:3  | Reached XP level 19. HP: 193/193 MP: 6/18
 38296 | Abyss:3  | Noticed a bone dragon
 38325 | Abyss:3  | Received a gift from Trog
 38379 | Abyss:3  | Found a glowing golden altar of the Shining One.
 38449 | Abyss:3  | Found a glowing golden altar of the Shining One.
 38498 | Abyss:3  | Noticed a juggernaut
 38507 | Abyss:3  | Killed a juggernaut
 38512 | Abyss:3  | Got an abyssal rune of Zot
 38566 | Abyss:3  | Found a glowing golden altar of the Shining One.
 38771 | Abyss:3  | Gained mutation: You occasionally lose the ability to drink
                  | potions when taking damage. [a shining eye]
 38786 | Abyss:3  | Noticed a bone dragon
 38825 | Abyss:3  | Killed a bone dragon
 38860 | Abyss:3  | Noticed a bone dragon
 38880 | Abyss:3  | Killed a bone dragon
 38887 | Elf:2    | Escaped the Abyss
 39347 | Elf:2    | Found a runed translucent gate.
 39348 | Elf:2    | Found a runed translucent gate.
 39348 | Elf:2    | Found a runed translucent gate.
 39970 | D:14     | Found Qadenica's Weapon Shop.
 40111 | D:14     | Found a runed translucent gate.
 40111 | D:14     | Found a runed translucent gate.
 40111 | D:14     | Found a runed translucent gate.
 40117 | D:14     | Noticed Veevvyat's ghost (journeyman MfGl)
 40402 | D:14     | Found Avaemiomil's Assorted Antiques.
 40410 | D:14     | Bought a scroll of enchant weapon for 285 gold pieces
 40639 | D:15     | Entered Level 15 of the Dungeon
 41177 | D:15     | Found Wemairgh's Armour Shoppe.
 41240 | D:15     | Received a gift from Trog
 41371 | D:15     | Found a staircase to the Depths.
 41377 | Depths:1 | Entered Level 1 of the Depths
 41743 | Depths:1 | Reached XP level 20. HP: 210/210 MP: 6/19
 41850 | Depths:1 | Found a gateway to Hell.
 42113 | Depths:1 | Lost mutation: You occasionally lose the ability to drink
                  | potions when taking damage. [potion of mutation]
 42113 | Depths:1 | Gained mutation: You have large cloven feet. [potion of
                  | mutation]
 42113 | Depths:1 | Gained mutation: Armour fits poorly on your strangely
                  | shaped body. [potion of mutation]
 42113 | Depths:1 | Gained mutation: You are partially covered in iridescent
                  | scales. (AC +2) [potion of mutation]
 42114 | Depths:1 | Lost mutation: Armour fits poorly on your strangely shaped
                  | body. [potion of mutation]
 42114 | Depths:1 | Lost mutation: You have large cloven feet. [potion of
                  | mutation]
 42114 | Depths:1 | Gained mutation: You are frail. (-10% HP) [potion of
                  | mutation]
 42114 | Depths:1 | Gained mutation: You occasionally lose the ability to read
                  | scrolls when taking damage. [potion of mutation]
 42114 | Depths:1 | Gained mutation: You expend magic power (3 MP) to
                  | strengthen your wands. [potion of mutation]
 42115 | Depths:1 | Lost mutation: You are frail. (-10% HP) [potion of
                  | mutation]
 42115 | Depths:1 | Lost mutation: You expend magic power (3 MP) to strengthen
                  | your wands. [potion of mutation]
 42115 | Depths:1 | Gained mutation: You are dopey. (Int -2) [potion of
                  | mutation]
 42115 | Depths:1 | Gained mutation: You are strong-willed. (Will+) [potion of
                  | mutation]
 42115 | Depths:1 | Gained mutation: Your magical capacity is low. (-10% MP)
                  | [potion of mutation]
 42345 | Depths:1 | Received a gift from Trog
 42633 | Depths:1 | Found an iron altar of Okawaru.
 42707 | Depths:1 | Found a one-way gateway to a ziggurat.
 43513 | Depths:2 | Found an ancient bone altar of Kikubaaqudgha.
 43743 | Depths:2 | Identified the amulet "Edyptus" {Regen+ rCorr Str+4 Dex-4
                  | SInv}
 43813 | Depths:2 | Identified the staff of Compound Interest {rElec rC+ Dex+5
                  | Ice}
 43856 | Depths:2 | Identified the amulet of Mysos {RegenMP rPois rN+ Str+3
                  | Slay+3}
 44040 | Depths:2 | Identified the +0 trident of Ryudee {heavy, *Noise rN+++
                  | Dex+6 Stlth-}
 44461 | Depths:3 | Identified the ring of the Glimmering Hero {Ice *Corrode
                  | Will++ Stlth+}
 44461 | Depths:3 | Noticed Josephina
 44490 | Depths:3 | Killed Josephina
 44675 | Depths:3 | Reached skill level 27 in Fighting
 44697 | Depths:3 | Identified the +1 helmet of the Freezing God {Int+3}
 44974 | Depths:3 | Gained mutation: You are weak. (Str -2) [a shining eye]
 44988 | Depths:3 | Identified the +0 helmet "Wudag" {rC+}
 45077 | Depths:3 | Found a one-way gate to the infinite horrors of the Abyss.
 45185 | Depths:3 | Found a one-way gate leading to the halls of Pandemonium.
 45253 | Depths:3 | Reached XP level 21. HP: 128/224 MP: 5/17
 45674 | Depths:4 | Entered Level 4 of the Depths
 46119 | Depths:4 | Noticed a juggernaut
 46289 | Depths:4 | Received a gift from Trog
 46568 | Depths:4 | Killed a juggernaut
 46825 | Depths:4 | Found Gacvus's Pet Rocks.
 46976 | Depths:4 | Found a gate to the Realm of Zot.
 46985 | Zot:1    | Entered Level 1 of the Realm of Zot
 46985 | Zot:1    | Noticed a curse toe
 46986 | Zot:1    | Upgraded the game from 0.31-a0-1424-g2add1c7 to
                  | 0.31-a0-1425-g903e00c
 46996 | Zot:1    | Killed a curse toe
 47292 | Zot:1    | Reached skill level 15 in Dodging
 47365 | Zot:1    | Lost mutation: You are dopey. (Int -2) [potion of mutation]
 47365 | Zot:1    | Lost mutation: Your magical capacity is low. (-10% MP)
                  | [potion of mutation]
 47365 | Zot:1    | Lost mutation: You are partially covered in iridescent
                  | scales. (AC +2) [potion of mutation]
 47365 | Zot:1    | Gained mutation: You have a pair of large horns on your
                  | head. [potion of mutation]
 47365 | Zot:1    | Gained mutation: Your mind is acute. (Int +4, Str/Dex -1)
                  | [potion of mutation]
 47366 | Zot:1    | Lost mutation: You are strong-willed. (Will+) [potion of
                  | mutation]
 47366 | Zot:1    | Lost mutation: You occasionally lose the ability to read
                  | scrolls when taking damage. [potion of mutation]
 47366 | Zot:1    | Gained mutation: Your flesh is cold resistant. (rC+)
                  | [potion of mutation]
 47366 | Zot:1    | Lost mutation: You are weak. (Str -2) [potion of mutation]
 47366 | Zot:1    | Gained mutation: Your mind is very acute. (Int +8, Str/Dex
                  | -2) [potion of mutation]
 47542 | Depths:4 | Identified the +1 leather armour of Lefahiof {Regen+ Int+2
                  | Dex+2}
 47973 | Zig:1    | Entered Level 1 of a ziggurat
 47991 | Zig:2    | Entered Level 2 of a ziggurat
 47998 | Zig:2    | Paralysed by an air elemental for 1 turns
 48272 | Vaults:1 | Entered Level 1 of the Vaults
 48655 | Vaults:1 | Reached XP level 22. HP: 233/233 MP: 7/21
 48853 | Vaults:1 | Received a gift from Trog
 49041 | Vaults:1 | Found Bewisuepp's Armour Shop.
 49070 | Vaults:1 | Bought the +4 scale mail of Huleun {rElec rF++ Int+3 Dex-2}
                  | for 921 gold pieces
 49215 | Vaults:1 | Found the +2 pair of slick slippers {slick, slippery, EV+4}
 49904 | Vaults:2 | Found Nululais's Weapon Shoppe.
 50555 | Vaults:2 | Reached skill level 5 in Stealth
 50867 | Vaults:3 | Received a gift from Trog
 51019 | Vaults:3 | Identified the ring "Zimmubiv" {*Slow rPois Will+ rCorr
                  | Str+2}
 51105 | Vaults:3 | Noticed Saint Roka
 51130 | Vaults:3 | Killed Saint Roka
 51225 | Vaults:3 | Found a flickering gateway to a bazaar.
 51233 | Bazaar   | Entered a bazaar
 51247 | Bazaar   | Found Vivijyn's Armour Shoppe.
 51247 | Bazaar   | Found Sikut's Magic Scroll Emporium.
 51269 | Bazaar   | Found Tydghi's Book Shoppe.
 51269 | Bazaar   | Found Icagadwuso's Antique Armour Emporium.
 51326 | Bazaar   | Bought a pair of pitted boots for 142 gold pieces
 51326 | Bazaar   | Identified the +2 pair of boots "Unupt" {-Cast rF+++ rC-
                  | rN++} (You bought it in a shop in a bazaar)
 51394 | Bazaar   | Bought a scroll of teleportation for 27 gold pieces
 51394 | Bazaar   | Bought a scroll of blinking for 67 gold pieces
 52469 | Vaults:3 | Found a staircase to the Crypt.
 52653 | Vaults:4 | Identified the orb of Honour {light, ^Drain rCorr Int+5}
 52653 | Vaults:4 | Noticed Frederick
 52668 | Vaults:4 | Killed Frederick
 52784 | Vaults:4 | Noticed Jory
 52805 | Vaults:4 | Killed Jory
 52890 | Vaults:4 | Received a gift from Trog
 52951 | Vaults:4 | Found Ceneq's Weapon Shop.
 52981 | Vaults:4 | Found Ikaf's Assorted Antiques.
 53083 | Vaults:4 | Bought a potion of curing for 78 gold pieces
 53362 | Vaults:4 | Reached XP level 23. HP: 231/240 MP: 7/22
 53585 | Vaults:4 | Identified the amulet "Siut" {rElec rC+ Regen+ Dex+4
                  | Stlth+}
 53705 | Vaults:5 | Entered Level 5 of the Vaults
 53844 | Vaults:5 | Reached skill level 27 in Shields
 54094 | Vaults:5 | HP: 3/240 [sphinx simulacrum (12)]
 54290 | Vaults:5 | Found Tejadeag's Distillery.
 54312 | Vaults:5 | Bought a potion of curing for 36 gold pieces
 54312 | Vaults:5 | Bought a potion of might for 48 gold pieces
 54312 | Vaults:5 | Bought a potion of heal wounds for 60 gold pieces
 54312 | Vaults:5 | Bought a potion of curing for 36 gold pieces
 54312 | Vaults:5 | Bought a potion of invisibility for 96 gold pieces
 54312 | Vaults:5 | Bought 2 potions of heal wounds for 120 gold pieces
 54312 | Vaults:5 | Bought a potion of heal wounds for 60 gold pieces
 54321 | Vaults:5 | Found Jemoqen's Magic Scroll Shop.
 54339 | Vaults:5 | Bought a scroll of fog for 80 gold pieces
 54339 | Vaults:5 | Bought a scroll of enchant armour for 150 gold pieces
 54441 | Vaults:5 | Found Fiqomim's Distillery.
 54446 | Vaults:5 | Bought a potion of heal wounds for 70 gold pieces
 54455 | Vaults:5 | Found Seidgh's Distillery.
 54459 | Vaults:5 | Bought a potion of heal wounds for 80 gold pieces
 54459 | Vaults:5 | Bought 3 potions of heal wounds for 240 gold pieces
 54459 | Vaults:5 | Bought a potion of heal wounds for 80 gold pieces
 54459 | Vaults:5 | Bought a potion of heal wounds for 80 gold pieces
 54459 | Vaults:5 | Bought a potion of might for 64 gold pieces
 54459 | Vaults:5 | Bought a potion of heal wounds for 80 gold pieces
 54466 | Vaults:5 | Found Zyeptewi's Magic Scroll Shoppe.
 54471 | Vaults:5 | Bought a scroll of teleportation for 45 gold pieces
 54471 | Vaults:5 | Bought a scroll of fog for 60 gold pieces
 54471 | Vaults:5 | Bought a scroll of teleportation for 45 gold pieces
 54471 | Vaults:5 | Bought a scroll of fear for 60 gold pieces
 54477 | Vaults:5 | Found Biykh's Magic Scroll Emporium.
 54486 | Vaults:5 | Bought a scroll of blinking for 97 gold pieces
 54486 | Vaults:5 | Bought a scroll of teleportation for 39 gold pieces
 54486 | Vaults:5 | Bought a scroll of enchant armour for 97 gold pieces
 54486 | Vaults:5 | Bought 3 scrolls of blinking for 292 gold pieces
 54650 | Vaults:5 | Received a gift from Trog
 54690 | Vaults:5 | Noticed an ancient lich
 54691 | Vaults:5 | Identified the +7 hand axe "Fohit" {speed, rF+ rC+ Will+
                  | Dex+2}
 54700 | Vaults:5 | Killed an ancient lich
 54980 | Vaults:5 | Identified the +8 hand axe "Usess" {flame, rElec}
 55028 | Vaults:5 | Reached skill level 10 in Stealth
 55048 | Vaults:5 | Got a silver rune of Zot
 55173 | Vaults:5 | Identified the amulet "Symocw" {Acrobat *Slow Str+2 Dex+2}
 55218 | Vaults:5 | Received a gift from Trog
 55254 | Vaults:5 | Identified the +3 mace of Checks and Balances {heavy, rN+
                  | Int+3 Dex+3}
 55255 | Vaults:5 | Identified the ring "Pinao" {rF+ rC++ Str+4 Int-3}
 55265 | Vaults:5 | Identified the +1 plate armour "Vere" {^Contam *Corrode
                  | rElec rN+++}
 55272 | Vaults:5 | Identified the +6 scale mail of Perfidy {rPois Str+5}
 56118 | Zot:1    | Reached XP level 24. HP: 249/249 MP: 7/22
 57618 | Zot:2    | Noticed a Killer Klown
 57940 | Zot:2    | Killed a Killer Klown
 58009 | Zot:2    | Identified the +4 ring mail of the Louse {Regen+ Stlth+}
 58794 | Zot:3    | Found a runed translucent gate.
 58794 | Zot:3    | Found a runed translucent gate.
 58794 | Zot:3    | Found a runed translucent gate.
 58934 | Zot:3    | Noticed Egutz's ghost (master TrFi)
 58994 | Zot:3    | Found a white marble altar of Elyvilon.
 59097 | Zot:3    | Received a gift from Trog
 59153 | Zot:3    | Identified the +9 double sword "Jellybane" {speed, *Corrode
                  | rF+ Will+ Str+5}
 59535 | Zot:3    | Found a viscous altar of Jiyva.
 60472 | Zot:4    | Identified the +4 ring mail "Reurch" {+Inv rPois rC+ Will+}
 60950 | Zot:5    | Entered Level 5 of the Realm of Zot
 60959 | Zot:5    | Found a huge runed gate.
 60960 | Zot:5    | Found a huge runed gate.
 60960 | Zot:5    | Found a huge runed gate.
 60961 | Zot:5    | Found a huge runed gate.
 60961 | Zot:5    | Found a huge runed gate.
 60961 | Zot:5    | Found a huge runed gate.
 60972 | Zot:5    | Reached XP level 25. HP: 240/257 MP: 7/22
 60984 | Zot:5    | Found a huge runed gate.
 60984 | Zot:5    | Found a huge runed gate.
 60984 | Zot:5    | Found a huge runed gate.
 60985 | Zot:5    | Found a huge runed gate.
 60985 | Zot:5    | Found a huge runed gate.
 60986 | Zot:5    | Found a huge runed gate.
 60987 | Zot:5    | Found a huge runed gate.
 60988 | Zot:5    | Found a huge runed gate.
 60989 | Zot:5    | Found a huge runed gate.
 60999 | Zot:5    | Found a huge runed gate.
 60999 | Zot:5    | Found a huge runed gate.
 60999 | Zot:5    | Found a huge runed gate.
 60999 | Zot:5    | Found a huge runed gate.
 60999 | Zot:5    | Found a huge runed gate.
 61087 | Zot:5    | Found a huge runed gate.
 61088 | Zot:5    | Found a huge runed gate.
 61089 | Zot:5    | Found a huge runed gate.
 61090 | Zot:5    | Found a huge runed gate.
 61337 | Zot:5    | Identified the +8 great sword of the Curious Places {drain,
                  | Int+3}
 61398 | Zot:5    | Noticed an orb of fire
 61412 | Zot:5    | Killed an orb of fire
 61493 | Zot:5    | Noticed a Killer Klown
 61501 | Zot:5    | Noticed an ancient lich
 61522 | Zot:5    | Killed an ancient lich
 61592 | Zot:5    | Killed a Killer Klown
 61654 | Zot:5    | Noticed an orb of fire
 61689 | Zot:5    | Killed an orb of fire
 61803 | Zot:5    | Noticed a Killer Klown
 61814 | Zot:5    | Killed a Killer Klown
 61941 | Zot:5    | Noticed an orb of fire
 61942 | Zot:5    | Gained mutation: Your magical capacity is low. (-10% MP)
                  | [an orb of fire]
 61966 | Zot:5    | Killed an orb of fire
 62098 | Zot:5    | Noticed a dread lich
 62123 | Zot:5    | Killed a dread lich
 62355 | Zot:5    | Noticed an orb of fire
 62356 | Zot:5    | Noticed a Killer Klown
 62360 | Zot:5    | Noticed a dread lich
 62391 | Zot:5    | Killed a Killer Klown
 62661 | Zot:5    | Noticed a dread lich
 62664 | Zot:5    | Noticed an orb of fire
 62673 | Zot:5    | Lost mutation: Your mind is very acute. (Int +8, Str/Dex
                  | -2) [an orb of fire]
 62687 | Zot:5    | Paralysed by something for 4 turns
 62698 | Zot:5    | Killed an orb of fire
 62706 | Zot:5    | Noticed an ancient lich
 62743 | Zot:5    | Killed a dread lich
 62902 | Zot:5    | Noticed an ancient lich
 62916 | Zot:5    | Killed an ancient lich
 62941 | Zot:5    | HP: 7/255 [something/crystal spear (52)]
 63098 | Zot:4    | Killed a dread lich
 63205 | Zot:5    | Killed an ancient lich
 63250 | Zot:5    | Noticed an ancient lich
 63265 | Zot:5    | Killed an ancient lich
 63266 | Zot:5    | Reached skill level 27 in Armour
 63360 | Zot:5    | Gained mutation: Your body sometimes deteriorates upon
                  | taking damage. [an orb of fire]
 63374 | Zot:5    | Killed an orb of fire
 63522 | Zot:5    | Got the Orb of Zot
 63687 | Zot:3    | Noticed Ummuc the pandemonium lord
 63805 | Depths:3 | Noticed Bablek the pandemonium lord
 64049 | D:9      | Reached XP level 26. HP: 209/266 MP: 6/19
 64262 | D:2      | Noticed Natasha
 64265 | D:2      | Killed Natasha
 64318 | D:$      | Escaped with the Orb!

Illustrated notes

Levels and vault maps discovered:
D:1:      mrwooster_arrival_statue_2, layout_basic, chequers_big_river,
          minmay_pentomino_z2
D:2:      minmay_diamond_boxcup, layout_loops_corners, basic_altar,
          nicolae_titane, uniq_jessica, uniq_natasha
D:3:      layout_rooms, nicolae_ecumenical_snake_handling
D:4:      layout_basic, nicolae_shop_vocational, uniq_crazy_yiuf_cottage,
          uniq_pikel, uniq_grinder, uniq_eustachio
D:5:      layout_cave_pools, nicolae_overflow_crystal_walls,
          mainiacjoe_overflow_six_doors_small, nicolae_tso_carved_into_rock,
          grunt_ministairs_4
D:6:      layout_basic, minmay_temple_entry_stoned_glass
D:7:      layout_basic, general_overflow_altar, serial_shops,
          nicolae_stop_n_shop_1, nicolae_shop_industrial_runoff, shop,
          nicolae_shop_just_a_little_nook, uniq_duvessa, uniq_maurice
D:8:      layout_basic, lair_entry_dummy, serial_aquarium,
          aquarium_bridge_island_small [aquarium_subvault_small_open,
          aquarium_subvault_window, aquarium_subvault_wall,
          aquarium_subvault_bridge, aquarium_subvault_wall],
          aquarium_bridge_long_separate [aquarium_subvault_bridge,
          aquarium_subvault_window, aquarium_subvault_bridge,
          aquarium_subvault_bridge, aquarium_subvault_window,
          aquarium_subvault_bridge], aquarium_window_fake,
          aquarium_window_corner, aquarium_window_fake, aquarium_window_fake,
          aquarium_view_4, aquarium_balcony_double_4,
          einodemon_armed_red_devil_minivault, uniq_grum, uniq_jeremiah
D:9:      layout_big_octagon, elyvilon_altar_3, nicolae_overflow_two_pavilions
D:10:     layout_gridville, nzn_hepliaklqana_mist_gate,
          mainiacjoe_overflow_boulevard, old_standard_altar, serial_bayou,
          serial_bayou_pond_e, serial_bayou_lagoon_b, serial_bayou_pond_b,
          serial_bayou_lagoon_a, serial_shops, nicolae_shop_rolling_square
D:11:     layout_cave_pools, minmay_orc_entry_guard_dogs, serial_shops,
          bzr_entry_gold, roderic_malta_cross, minmay_hedge_maze,
          minmay_misc_feat_encased
D:12:     cheibrodos_ideogram_h, layout_gridville
D:13:     layout_loops_ring, grunt_vaults_entry_tiered, grunt_dithmenos_shadows,
          uniq_lodul
D:14:     layout_roguey, gammafunk_ghost_necromancy, serial_shops,
          nicolae_shop_trees, shop, fountainhead
D:15:     grunt_enter_depths_magical_seal, layout_irregular_city,
          kennysheep_pointless_box, serial_shops,
          nicolae_shop_tiny_real_fake_doors
Lair:1:   layout_roguey, grunt_megastairs_3, lemuel_fruit_tree
Lair:2:   layout_hall_layers, mainiacjoe_swamp_entry_angry_trees,
          nicolae_spider_entry_tight_spaces, uniq_amaemon
Lair:3:   layout_regular_city, gammafunk_ghost_hive, lemuel_fruit_fields,
          infiniplex_staircase_pool_2
Lair:4:   layout_cave_pods
Lair:5:   wormcave, layout_gridlike, slime_entry_2, basic_altar,
          serial_bayou_pond_e
Swamp:1:  layout_basic_swamp, evilmike_swamp_ruin_house_3
Swamp:2:  layout_basic_swamp, evilmike_swamp_ruin_house_4, hangedman_swamp_cone,
          swamp_pool_4
Swamp:3:  bobbens_index_wilting_gardens, layout_basic_swamp
Swamp:4:  swamp, layout_basic_swamp, infiniplex_staircase_pool, uniq_mlioglotl,
          uniq_mara
Spider:1: layout_chambers, hangedman_spider_tarantella_strand, uniq_jorgrun,
          uniq_frances, uniq_asterion, uniq_roxanne
Spider:2: layout_spider_delve
Spider:3: layout_chambers, nicolae_spider_claw_tunnel, uniq_donald
Spider:4: grunt_spider_rune_circles, uniq_bai_suzhen, uniq_arachne
Orc:1:    layout_caves, kennysheep_orc_sif_temple
Orc:2:    st_orc_ogre_mass, layout_caves, basic_altar
Elf:1:    elf_arrival_002, layout_geoelf_grid, infiniplex_enter_wizlab_glasses,
          nicolae_elf_shapeshifter_party, ebering_dispersal_statue_hall,
          hangedman_elf_simple_split
Elf:2:    nicolae_elf_blades_crystal_corner, layout_geoelf_grid
Vaults:1: nicolae_vaults_what_the_h, vaults_dpeg_doors,
          grunt_vaults_hallway_long, vaults_mumra_hex, nicolae_vaults_big_ls,
          ontoclasm_vaults_hangar, v_misc_5, nicolae_vaults_mini_display_case,
          hangedman_vaults_cutoff, nicolae_vaults_trapezoid_1,
          nicolae_vaults_offset_grid_hallway_1, nicolae_vaults_specimen_jars,
          nicolae_vaults_little_squares_2, layout_vaults_omnibox, serial_shops,
          nicolae_shop_mannequins
Vaults:2: grunt_vaults_funnel, nicolae_vaults_rhombus_7,
          vaults_room_grunt_arrival_checkpoint, v_misc_30,
          nicolae_vaults_shipping_containers_1, nicolae_vaults_network_s,
          nicolae_vaults_offset_grid_hallway_2,
          nicolae_vaults_trapezoid_lopsided_2,
          nicolae_vaults_variable_pillar_hall_cross,
          nicolae_vaults_taking_the_gang_shopping, ontoclasm_vaults_chip,
          nicolae_vaults_trapezoid_lopsided_4, nicolae_vaults_apartment_2,
          vaults_room_pool, ontoclasm_vaults_ligature, layout_vaults_big_cross
Vaults:3: ontoclasm_vaults_hangar, minmay_crypt_entry_vampire_xt,
          nicolae_vaults_trapezoid_lopsided_4, vaults_room_corners,
          nicolae_vaults_circle_grid_a, vaults_dpeg_encased_lava,
          nicolae_vaults_storage_closets_2, vaults_mumra_minichess,
          vaults_dpeg_diagonal, vaults_room_semicircle, dpeg_vaults_monster_box,
          layout_vaults_omnigrid, serial_shops, bzr_entry_dummy, uniq_saint_roka
Vaults:4: v_misc_8, dpeg_vaults_waves, hangedman_vaults_nails,
          vaults_room_grunt_arrival_ludios, nicolae_vaults_prndl,
          nicolae_vaults_little_squares_4, vaults_room_door_ring,
          nicolae_vaults_steering_wheel, v_misc_13, layout_vaults_maze_snakey,
          serial_shops, nicolae_shop_just_a_little_nook, nicolae_shop_crystal,
          uniq_frederick, uniq_jory
Vaults:5
Depths:1: layout_gridlike, enter_ziggurat_e, hell_entry, serial_bayou_ford_a,
          okawaru_altar_gauntlet_db
Depths:2: evilmike_negative_zone, layout_cave_shapes, hell_entry,
          rand_demon_pan_entry_4, infiniplex_staircase_trident,
          grunt_megastairs_5, uniq_sojobo
Depths:3: hangedman_crystal_crosses_colossus [crystal_crosses_arms_four,
          crystal_crosses_arms_two, crystal_crosses_arms_two,
          crystal_crosses_arms_one], abyss_entry, hell_entry, pan_entry,
          uniq_josephina
Depths:4: grunt_x_marks_the_spot, layout_gridlike, hell_entry,
          minmay_misc_feat_ornament, guppyfry_shop_earth
Zot:1:    layout_misc_corridors
Zot:2:    layout_cathedral_of_symmetry, grunt_megastairs_1, uniq_grunn
Zot:3:    layout_misc_corridors, regret_index_zotdec_icy_dp,
          gammafunk_ghost_ooze, nicolae_rock_paper_scissors
Zot:4:    layout_gridlike
Zot:5:    layout_basic, not_door_vault_mu

Skill      XL: |  1  2  3  4  5  6  7  8  9 10 11 12 13 14 15 16 17 18 19 20 21 22 23 24 25 |
---------------+----------------------------------------------------------------------------+-----
Polearms       | 4 5 6 7 9 10 12 14 | 14.0
Fighting       | 4 5 6 8 9 11 13 15 16 17 18 20 22 25 27 | 27.0
Armour         | 3 4 5 6 7 9 11 12 14 15 16 18 19 20 21 24 27 | 27.0
Stealth        | 1 3 7 10 11 12 | 12.4
Dodging        | 3 4 6 7 8 9 10 11 12 13 14 15 18 20 21 | 21.8
Shields        | 1 2 3 5 7 8 10 11 13 16 18 19 20 21 24 26 27 | 27.0
Unarmed Combat | 2 |  2.2
Throwing       | 3 4 5 |  5.2
Long Blades    | 5 7 9 |  9.0
Evocations     | 1 3 |  3.4

Action                     |  1- 3 |  4- 6 |  7- 9 | 10-12 | 13-15 | 16-18 | 19-21 | 22-24 | 25-27 || total
---------------------------+-------+-------+-------+-------+-------+-------+-------+-------+-------++-------
  Melee: Spear             |   120 |   166 |   375 |    72 |       |       |       |       |       ||   733
         Headbutt          |    12 |    25 |    52 |   113 |   264 |   398 |   493 |   682 |   199 ||  2238
         Unarmed           |       |       |    14 |       |       |       |       |       |       ||    14
         Trident           |       |       |       |   536 |  1405 |   234 |       |       |       ||  2175
         Demon trident     |       |       |       |       |       |  1665 |  2010 |  2489 |   795 ||  6959
  Throw: Dart              |       |       |       |    15 |   105 |    58 |    30 |     3 |       ||   211
         Throwing net      |       |       |       |       |       |     1 |       |       |       ||     1
 Invoke: Berserk           |       |     1 |     8 |     8 |    10 |    12 |    13 |     7 |     1 ||    60
         Trog's Hand       |       |       |     2 |     4 |     3 |    13 |    16 |    15 |     6 ||    59
         Brothers in Arms  |       |       |       |       |     3 |    10 |    10 |    16 |     2 ||    41
  Evoke: Wand              |       |       |       |       |       |     7 |     1 |     1 |       ||     9
         Condenser vane    |       |       |       |       |       |     1 |     1 |       |     1 ||     3
         Phantom mirror    |       |       |       |       |       |       |       |     1 |     1 ||     2
    Use: Scroll            |       |       |     9 |     4 |    11 |    22 |    21 |    19 |    13 ||    99
         Potion            |       |       |     2 |     1 |     2 |     8 |    22 |    11 |     9 ||    55
   Stab: Sleeping          |     1 |       |       |     1 |       |       |     1 |    24 |       ||    27
         Distracted        |       |     1 |       |     1 |     1 |     4 |     1 |     1 |       ||     9
         Petrified         |       |       |       |    10 |       |       |       |       |       ||    10
         Petrifying        |       |       |       |     2 |       |       |       |       |       ||     2
         Confused          |       |       |       |       |       |     1 |       |       |       ||     1
         Invisible         |       |       |       |       |       |       |     2 |       |       ||     2
 Armour: Animal skin       |     3 |       |       |       |       |       |       |       |       ||     3
         Ring mail         |    22 |    46 |       |    79 |   188 |       |       |       |       ||   335
         Leather armour    |       |       |   136 |   130 |       |       |       |       |       ||   266
         Skin              |       |       |       |     5 |       |       |       |       |       ||     5
         Chain mail        |       |       |       |       |   336 |   899 |   612 |       |       ||  1847
         Fire dragon scale |       |       |       |       |       |       |    94 |    27 |       ||   121
         Plate armour      |       |       |       |       |       |       |    77 |       |       ||    77
         Scale mail        |       |       |       |       |       |       |       |   249 |       ||   249
         Storm dragon scal |       |       |       |       |       |       |       |   348 |       ||   348
         Gold dragon scale |       |       |       |       |       |       |       |   150 |   250 ||   400
  Dodge: Dodged            |    31 |    44 |   103 |   152 |   311 |   384 |   306 |   404 |   115 ||  1850
  Block: Buckler           |     5 |    17 |    59 |   117 |    66 |       |       |       |       ||   264
         Kite shield       |       |       |       |       |   207 |       |       |       |       ||   207
         Tower shield      |       |       |       |       |   322 |  1300 |  1432 |  2151 |   625 ||  5830

Table legend: (Time is in decaauts)
 A = Elapsed time spent in this place.
 B = Non-inter-level travel time spent in this place.
 C = Inter-level travel time spent in this place.
 D = Time resting spent in this place.
 E = Time spent auto-exploring this place.
 F = Levels seen in this place.
 G = Mean time per level.
                   A        B        C        D        E       F      G
               +--------+--------+--------+--------+--------+-----+--------+
         Total |  61730 |  56726 |   5004 |   1173 |  41864 |  52 | 1187.1 |
       Dungeon |  14771 |  13144 |   1627 |      8 |  10244 |  15 |  984.7 |
          Lair |   7124 |   6436 |    688 |      6 |   5237 |   5 | 1424.8 |
         Swamp |   6706 |   6175 |    531 |    527 |   4388 |   4 | 1676.5 |
   Spider Nest |   7035 |   6768 |    267 |    220 |   5322 |   4 | 1758.8 |
  Orcish Mines |   1608 |   1431 |    177 |      0 |    995 |   2 |  804.0 |
   Elven Halls |   2892 |   2821 |     71 |      0 |   2360 |   2 | 1446.0 |
        Vaults |   6719 |   6124 |    595 |    129 |   4298 |   5 | 1343.8 |
        Depths |   6117 |   5633 |    484 |    194 |   3990 |   4 | 1529.2 |
           Zot |   7474 |   6913 |    561 |     86 |   4550 |   5 | 1494.8 |
         Abyss |    866 |    866 |      0 |      0 |    300 |   1 |  866.0 |
      Ziggurat |    134 |    134 |      0 |      0 |     62 |   2 |   67.0 |
        Bazaar |    257 |    257 |      0 |      0 |    112 |   2 |  128.5 |
        Wizlab |     20 |     20 |      0 |      0 |      3 |   1 |   20.0 |
               +--------+--------+--------+--------+--------+-----+--------+

Top non-repeatable levels by time:
 Swamp:3: 2818 daAuts
   Zot:5: 2177 daAuts
Spider:4: 2127 daAuts
Spider:3: 2107 daAuts
Depths:1: 2054 daAuts
  Lair:5: 2031 daAuts
   Zot:2: 1721 daAuts
Depths:3: 1669 daAuts
Vaults:5: 1639 daAuts
  Lair:2: 1584 daAuts
     D:8: 1515 daAuts
 Swamp:4: 1503 daAuts
 Swamp:2: 1499 daAuts
    D:12: 1498 daAuts
Depths:4: 1481 daAuts
